 Dungeon Crawl Stone Soup version 0.26-a0-42-g4f27934 (webtiles) character file.

Game seed: 9304927752237124953

242 BlueFish the Ducker (level 6, -2/41 HPs)
             Began as an Octopode Warper on June 2, 2020.
             Slain by an ogre
             ... wielding a +0 giant club
              (21 damage)
             ... on level 4 of the Dungeon.
             The game lasted 00:08:36 (3526 turns).

BlueFish the Ducker (Octopode Warper)               Turns: 3526, Time: 00:08:37

Health: -2/41      AC:  1    Str: 12    XL:     6   Next: 9%
Magic:  5/9        EV: 14    Int: 16    God:
Gold:   159        SH:  0    Dex: 11    Spells: 2/9 levels left

rFire    + + .     SeeInvis .     - Unarmed
rCold    . . .     Gourm    .   (no shield)
rNeg     . . .     Faith    .   (helmet restricted)
rPois    +         Spirit   .   (no amulet)
rElec    .         Reflect  .   m - ring of protection from magic
rCorr    .         Harm     .   i - ring of poison resistance
MR       +....                  j - ring of protection from fire
Stlth    +++.......             g - ring of protection from fire
HPRegen  0.13/turn              (no ring)
MPRegen  0.11/turn              (no ring)
                                (no ring)
                                (no ring)

@: shrouded
A: almost no armour, stealthy swim, amphibious, 8 rings, constrict 8, camouflage
1, gelatinous body 1
a: no special abilities


You were on level 4 of the Dungeon.
You were not hungry.

You visited 1 branch of the dungeon, and saw 4 of its levels.

You collected 159 gold pieces.

Inventory:

Hand Weapons
 l - a +0 short sword of venom
Missiles
 c - 5 boomerangs of dispersal
 p - 4 boomerangs (quivered)
 r - 123 stones
Jewellery
 g - a ring of protection from fire (on tentacle)
 i - a ring of poison resistance (right tentacle)
 j - a ring of protection from fire (on tentacle)
 m - a ring of protection from magic (left tentacle)
Scrolls
 a - 2 scrolls of identify
 b - a scroll of blinking
 e - 2 scrolls of enchant armour
 f - a scroll of enchant weapon
 h - a scroll of magic mapping
 t - a scroll of noise {unknown}
Potions
 k - a potion of haste
 o - a potion of berserk rage
 q - a potion of resistance
 s - 2 potions of cancellation {unknown}
Comestibles
 d - 6 rations
 n - a chunk of flesh


   Skills:
 * Level 2.6 Fighting
 * Level 2.0 Throwing
 * Level 3.5 Dodging
 * Level 3.0 Stealth
 * Level 3.5 Unarmed Combat
 + Level 2.2 Spellcasting
 + Level 0.9 Charms
 * Level 3.2 Translocations


You had 2 spell levels left.
You knew the following spells:

 Your Spells              Type           Power        Failure   Level  Hunger
a - Shroud of Golubria    Chrm/Tloc      #.....       13%         2    ###....
b - Blink                 Tloc           N/A          9%          2    ###....
c - Lesser Beckoning      Tloc           ##........   16%         3    ###....

Your spell library contained the following spells:

 Spells                   Type           Power        Failure   Level  Hunger
 Gell's Gravitas          Tloc           ##........   16%         3    ###....
 Teleport Other           Tloc           ##......     16%         3    ###....
 Passage of Golubria      Tloc           N/A          47%         4    #####..


Dungeon Overview and Level Annotations

Branches:
Dungeon (4/15)
 Temple: D:4-7

Altars:

Annotations:
D:4 Natasha


Innate Abilities, Weirdness & Mutations

You cannot wear most types of armour.
You are very stealthy in the water. (Stealth+)
You are amphibious.
You can wear up to eight rings at the same time.
You can use your tentacles to constrict eight enemies at once.
Your skin changes colour to match your surroundings (Stealth+).
Your rubbery body absorbs attacks. (AC +1, EV +1)


Message History

The ogre is moderately wounded.
Your shroud unravels.
The ogre misses you.
Casting: Shroud of Golubria (safe; 13% risk of failure)
Confirm with . or Enter, or press ? or * to list all spells.
Space distorts slightly along a thin shroud covering your body.
The ogre hits you with a +0 giant club!!
Ouch! That really hurt!
Your shroud falls apart!
Casting: Shroud of Golubria (safe; 13% risk of failure)
Confirm with . or Enter, or press ? or * to list all spells.
Space distorts slightly along a thin shroud covering your body.
You tentacle-slap the ogre but do no damage.
The ogre is moderately wounded.
Your shroud bends the ogre's attack away!
You tentacle-slap the ogre. You squeeze the ogre!
The ogre is severely wounded.
The ogre hits you with a +0 giant club!!
Ouch! That really hurt!
You die...

###...#.###..
##.#..........
#............. ##
##....#........ ..#. ##
##.....#........
.......###......#........
.# ##............[....##h
###.....................
..รท......#......@..##....
..)..............O.# #...
..#...........###..# #..
..............#.##..##.
.).....................
...........#...........
............###.........
....<......## #.....#...
......####.####........


You could see an ogre.

Vanquished Creatures
  An orc priest (D:3)
  An orc wizard (D:3)
  Crazy Yiuf (D:2)
  A worker ant (D:4)
  A hound skeleton (D:4)
  2 adders
  3 gnolls (D:2)
  A worm (D:4)
  2 dart slugs
  4 leopard geckos
  5 orcs
  4 giant cockroaches
  6 goblins
  6 hobgoblins
  4 jackals (D:2)
  4 kobolds
  2 quokkas
  A ball python (D:2)
  5 bats
  4 rats
58 creatures vanquished.

Notes
Turn   | Place    | Note
-------+----------+-------------------------------------------
     0 | D:1      | BlueFish the Octopode Warper began the quest for the Orb.
     0 | D:1      | Reached XP level 1. HP: 14/14 MP: 3/3
   189 | D:1      | Reached XP level 2. HP: 19/19 MP: 5/5
   193 | D:1      | Learned a level 2 spell: Shroud of Golubria
   196 | D:1      | Learned a level 2 spell: Blink
  1254 | D:2      | Reached XP level 3. HP: 14/24 MP: 6/6
  1406 | D:2      | Reached skill level 1 in Stealth
  1819 | D:2      | Reached XP level 4. HP: 29/29 MP: 5/7
  1827 | D:2      | Learned a level 3 spell: Lesser Beckoning
  2064 | D:2      | Found a runed translucent door.
  2065 | D:2      | Noticed Crazy Yiuf
  2077 | D:2      | Killed Crazy Yiuf
  2425 | D:2      | Reached XP level 5. HP: 8/35 MP: 5/8
  3159 | D:4      | Reached XP level 6. HP: 36/41 MP: 6/9
  3509 | D:4      | Noticed Natasha
  3526 | D:4      | Slain by an ogre

Illustrated notes

Levels and vault maps discovered:
D:1:      tarquinn_simple_flora_water_d, layout_basic
D:2:      layout_basic, kennysheep_generic_room_15, uniq_crazy_yiuf_cottage
D:3:      layout_rooms
D:4:      layout_cave_pools, temple_pool_b, first_ration, serial_column_ruins,
          column_ruins_columns_dead_end, column_ruins_open_tiny,
          column_ruins_open_medium, column_ruins_open_medium, uniq_natasha

Skill      XL: |  1  2  3  4  5  6 |
---------------+-------------------+-----
Stealth        | 1 2 3 |  3.0
Dodging        | 3 |  3.5
Unarmed Combat | 3 |  3.5
Throwing       | 2 |  2.0
Fighting       | |  2.6
Spellcasting   | |  2.2
Charms         | |  0.9
Translocations | |  3.2

Action                   |  1- 3 |  4- 6 || total
-------------------------+-------+-------++-------
Melee: Unarmed           |    77 |    84 ||   161
       Constrict         |    21 |    16 ||    37
       Tentacles         |    16 |    16 ||    32
       Punch             |     1 |     1 ||     2
Throw: Boomerang         |       |     8 ||     8
 Cast: Shroud of Golubri |     8 |    16 ||    24
       Blink             |     1 |       ||     1
  Use: Scroll            |       |    11 ||    11
       Potion            |       |     1 ||     1
 Stab: Sleeping          |     4 |     7 ||    11
  Eat: Chunk             |     3 |     7 ||    10
Armor: Skin              |     6 |     9 ||    15
Dodge: Dodged            |    43 |    63 ||   106

Table legend:
 A = Non-vault XP
 B = Vault XP
 C = Vault XP percentage of total XP
 D = Non-vault monster count
 E = Vault monster count
 F = Vault count percentage of total count
                 A         B        C        D         E       F
            +---------+---------+-------+---------+---------+-------
      Total |     305 |      41 |  11.8 |      55 |       3 |   5.2
            +---------+---------+-------+---------+---------+-------
        D:1 |      27 |       0 |   0.0 |      13 |       0 |   0.0
        D:2 |      98 |      41 |  29.5 |      25 |       3 |  10.7
        D:3 |     112 |       0 |   0.0 |      11 |       0 |   0.0
        D:4 |      68 |       0 |   0.0 |       6 |       0 |   0.0
            +---------+---------+-------+---------+---------+-------
